 Dungeon Crawl Stone Soup version bcrawl-1.32 (webtiles) character file.

Game seed: 7147595149534099344

253345 christianvn the Blocker (level 10, -12/104 HPs)
             Began as an Ogre Fighter on Aug 5, 2021.
             Was a Believer of Okawaru.
             Mangled by a crocodile (19 damage)
             ... on level 1 of the Lair of Beasts.
             The game lasted 00:46:36 (8988 turns).

christianvn the Blocker (Ogre Fighter)              Turns: 8988, Time: 00:46:36

Health: -12/104    AC:  4    Str: 22    XL:     10   Next: 22%
Magic:  10/10      EV: 10    Int:  9    God:    Okawaru [**....]
Gold:   552        SH: 11    Dex: 11    Spells: 9/9 levels left

rFire    . . .     SeeInvis .   a - +0 whip (flame)
rCold    . . .     Gourm    .   c - +0 medium shield
rNeg     + . .     Faith    .   q - +0 robe
rPois    .         Spirit   .   (helmet restricted)
rElec    .         Reflect  .   o - +0 cloak
rCorr    .         Harm     .   (gloves unavailable)
MR       +....                  (boots unavailable)
Stlth    +.........             (no amulet)
HPRegen  0.27/turn              B - ring of positive energy (curse)
MPRegen  0.12/turn              (no ring)

@: very slightly contaminated
A: large, unfitting armour, tough skin 1
a: Heroism, Renounce Religion


You were on level 1 of the Lair of Beasts.
You worshipped Okawaru.
Okawaru was pleased with you.
You were not hungry.

You visited 2 branches of the dungeon, and saw 8 of its levels.
You also visited: Ossuary.

You collected 552 gold pieces.

Inventory:

Hand Weapons
 a - a +0 whip of flaming (weapon)
 b - a +0 blowgun
 A - a +0 halberd
 C - a +0 giant spiked club
Missiles
 f - 48 needles of confusion
 j - a throwing net {=f}
 r - 31 poisoned needles
Armour
 c - a +0 medium shield (worn)
 o - a +0 cloak (worn)
 q - a +0 robe (worn)
Jewellery
 B - a cursed ring of positive energy (left hand)
Wands
 H - a wand of iceblast (8)
 I - a wand of disintegration (11)
Scrolls
 g - a scroll of enchant armour {unknown}
 i - 3 scrolls of identify
 k - 2 scrolls of blinking
 l - 4 scrolls of remove curse
 m - a scroll of amnesia
 u - a scroll of enchant weapon {unknown}
 v - a scroll of fear {unknown}
 y - 2 scrolls of immolation
 E - a scroll of noise {unknown}
 F - a scroll of fog {unknown}
 G - a scroll of teleportation
 J - a scroll of vulnerability {unknown}
Potions
 d - a potion of might
 h - 2 potions of mutation
 n - a potion of ambrosia
 p - 2 potions of brilliance
 w - a potion of invisibility {unknown}
 x - a potion of haste {unknown}
 z - a potion of degeneration {unknown}
Comestibles
 e - 6 rations {!d}
 s - 5 chunks of flesh


   Skills:
 - Level 8.1 Fighting
 + Level 9.0 Maces & Flails
 + Level 5.1 Dodging
 * Level 9.8 Shields


You had 9 spell levels left.
You didn't know any spells.
Your spell library contained the following spells:

 Spells                   Type           Power        Failure   Level  Hunger
 Apportation              Tloc           #.....       75%         1    None
 Infusion                 Chrm           #.......     75%         1    None
 Sandblast                Erth           #.....       75%         1    None
 Slow                     Hex            #.......     75%         1    None
 Summon Butterflies       Summ           #.......     75%         1    None
 Summon Small Mammal      Summ           #...         75%         1    None
 Call Imp                 Summ           #.....       86%         2    ####...
 Call Canine Familiar     Summ           #.......     98%         3    #####..
 Summon Ice Beast         Ice/Summ       #.......     100%        4    ######.
 Summon Lightning Spire   Summ/Air       #.......     100%        5    #######


Dungeon Overview and Level Annotations

Branches:
Dungeon (7/12)             Temple (0/1) D:6            Lair (1/6) D:7

Altars:
Nemelex Xobeh
Okawaru
The Shining One

Annotations:
D:7 exclusion: statue


Innate Abilities, Weirdness & Mutations

You are too large for most types of armour.
You have tough skin. (AC +1)


Message History

You hit the crocodile.
The crocodile is heavily wounded.
You closely miss the crocodile.
The crocodile is heavily wounded.
You feel like a meek peon again. You block the crocodile's attack.
You closely miss the crocodile.
The crocodile is heavily wounded.
The crocodile bites you!
* * * LOW HITPOINT WARNING * * *
Blink to where?
Press: ? - help, Dir - move target cursor You are very lightly contaminated with residual magic.
As you read the scroll of blinking, it crumbles to dust.
A six-headed hydra comes into view.
A cane toad comes into view.
The crocodile bites you.
* * * LOW HITPOINT WARNING * * *
The crocodile bites you!!
You die...

......................
....................#
...................#
..................#
.......F#........##
........##......##
......D.....##.##
........#P..P#.#
.......@t.......#
.......###......#
.....:# ##.###..
.#.### ## ... # #.##
##


You could see a six-headed hydra, a cane toad and a crocodile.

Vanquished Creatures
  Pikel (D:7)
  An elephant (D:7)
  Joseph (D:7)
  A hippogriff (D:7)
  An acid dragon (D:6)
  2 crocodiles (Lair:1)
  2 orc warriors
  A porcupine (Lair:1)
  A hornet zombie (D:5)
  4 slaves (D:7)
  A sky beast (D:6)
  2 ogres (D:7)
  A centaur (D:6)
  2 bullfrogs
  Blork the orc (D:5)
  2 elf zombies (Ossuary)
  A scorpion (D:3)
  7 crimson imps
  A centaur zombie (Ossuary)
  A quasit (D:6)
  A bullfrog zombie (D:6)
  3 hounds
  A human zombie (Ossuary)
  2 jellies
  An orc priest (D:3)
  3 bullfrog skeletons
  5 worker ants
  3 orc wizards
  A big kobold zombie (Ossuary)
  2 hound zombies (Ossuary)
  A hound skeleton (D:5)
  3 mummies (Ossuary)
  7 gnolls
  A worker ant zombie (D:3)
  8 adders
  A howler monkey skeleton (D:6)
  2 shadow imps
  6 adder zombies (Ossuary)
  4 worms
  A dart slug (D:2)
  8 leopard geckos
  35 orcs
  A ball python (D:2)
  3 bats (D:2)
  A giant cockroach (D:1)
  5 goblins
  6 hobgoblins
  16 jackals
  6 kobolds
  2 quokkas (D:4)
  3 frilled lizards
  5 goblin zombies (Ossuary)
  8 hobgoblin zombies (Ossuary)
  5 kobold zombies (Ossuary)
  An orc zombie (Ossuary)
  A quokka zombie (Ossuary)
  5 rats (D:2)
  2 rat zombies (Ossuary)
  A bush (D:3)
204 creatures vanquished.

Notes
Turn   | Place    | Note
-------+----------+-------------------------------------------
     0 | D:1      | christianvn the Ogre Fighter began the quest for the Orb.
     0 | D:1      | Reached XP level 1. HP: 24/24 MP: 1/1
   356 | D:1      | Reached XP level 2. HP: 24/32 MP: 2/2
   866 | D:2      | Reached XP level 3. HP: 40/40 MP: 3/3
  1215 | D:2      | Found an iron altar of Okawaru.
  1224 | D:2      | Became a worshipper of Warmaster Okawaru
  1326 | D:2      | Reached XP level 4. HP: 42/49 MP: 4/4
  1702 | D:3      | Reached skill level 5 in Fighting
  1892 | D:3      | Reached XP level 5. HP: 51/57 MP: 5/5
  2412 | D:3      | Reached * piety under Okawaru
  2413 | D:3      | Reached XP level 6. HP: 60/66 MP: 6/6
  3668 | D:4      | Found a sand-covered staircase.
  3674 | Ossuary  | Entered an ossuary
  3705 | Ossuary  | Reached skill level 5 in Shields
  4078 | Ossuary  | Reached XP level 7. HP: 50/75 MP: 7/7
  4177 | Ossuary  | Reached skill level 5 in Maces & Flails
  5061 | D:4      | Found a sparkling altar of Nemelex Xobeh.
  5145 | D:5      | Entered Level 5 of the Dungeon
  5434 | D:5      | Reached XP level 8. HP: 87/87 MP: 8/8
  5503 | D:5      | Reached ** piety under Okawaru
  5730 | D:5      | Noticed Blork the orc
  5869 | D:5      | Killed Blork the orc
  6435 | D:6      | Found a staircase to the Ecumenical Temple.
  6971 | D:6      | Reached XP level 9. HP: 91/96 MP: 9/9
  7606 | D:7      | Noticed Joseph
  7646 | D:7      | Killed Joseph
  7802 | D:7      | Noticed an elephant
  7829 | D:7      | Noticed Pikel
  7974 | D:7      | Killed an elephant
  8132 | D:7      | Noticed a dryad
  8209 | D:7      | Found a staircase to the Lair.
  8370 | D:7      | Found a glowing golden altar of the Shining One.
  8445 | D:7      | Killed Pikel
  8446 | D:7      | Reached XP level 10. HP: 74/104 MP: 10/10
  8705 | Lair:1   | Entered Level 1 of the Lair of Beasts
  8768 | Lair:1   | Reached skill level 5 in Dodging
  8806 | Lair:1   | Noticed a black mamba
  8828 | Lair:1   | HP: 3/104 [electric eel/bolt of electricity (11)]
  8982 | Lair:1   | Noticed a six-headed hydra
  8986 | Lair:1   | Noticed a cane toad
  8988 | Lair:1   | Mangled by a crocodile

Skill      XL: |  1  2  3  4  5  6  7  8  9 10 |
---------------+-------------------------------+-----
Shields        | 3 4 5 6 7 9 |  9.8
Maces & Flails | 3 4 5 7 8 9 |  9.0
Fighting       | 5 6 7 8 |  8.1
Dodging        | 3 4 5 |  5.1

Action                   |  1- 3 |  4- 6 |  7- 9 | 10-12 || total
-------------------------+-------+-------+-------+-------++-------
Melee: Flail             |   109 |    86 |       |       ||   195
       Morningstar       |       |   207 |   369 |       ||   576
       Trident           |       |       |    29 |       ||    29
       Whip              |       |       |       |    51 ||    51
 Fire: Blowgun           |       |     1 |    75 |     5 ||    81
Throw: Stone             |    66 |    45 |       |       ||   111
Invok: Heroism           |       |     1 |    22 |     4 ||    27
  Use: Scroll            |     4 |     2 |     4 |     2 ||    12
       Potion            |       |       |       |     3 ||     3
  Eat: Chunk             |     7 |    16 |    18 |     3 ||    44
       Ration            |       |     1 |     3 |       ||     4
Armor: Robe              |    23 |    64 |    61 |     1 ||   149
Dodge: Dodged            |    27 |    63 |   118 |    11 ||   219
Block: Medium shield     |    43 |   130 |   187 |    26 ||   386
